 Dungeon Crawl Stone Soup version 0.21.1-1-g345015fe64 (webtiles) character file.

212 Htamos the Ducker (level 5, 0/28 HPs)
             Began as a Spriggan Berserker on July 1, 2018.
             Was a Believer of Trog.
             Succumbed to a scorpion's poison
             ... on level 4 of the Dungeon.
             The game lasted 00:13:43 (5424 turns).

Htamos the Ducker (Spriggan Berserker)              Turns: 5424, Time: 00:13:44

Health: 0/28       AC:  2    Str: 13    XL:     5   Next: 58%
Magic:  6/6        EV: 22    Int:  9    God:    Trog [**....]
Gold:   205        SH:  0    Dex: 16    Spells: 4/4 levels left

rFire    . . .     SeeInvis +     - Unarmed
rCold    . . .     Gourm    .   (shield restricted)
rNeg     . . .     Faith    .   a - +0 animal skin
rPois    .         Spirit   .   (helmet restricted)
rElec    .         Reflect  .   (no cloak)
rCorr    .         Harm     .   (gloves unavailable)
MR       .....                  (boots unavailable)
Stlth    ++........             (no amulet)
HPRegen  0.09/turn              (no ring)
MPRegen  0.10/turn              (no ring)

@: lethally poisoned (0 -> -22), very quick
A: very small, unfitting armour, see invisible, herbivore, speed 3, slow
metabolism 2
a: Berserk, Trog's Hand, Burn Spellbooks, Renounce Religion


You were on level 4 of the Dungeon.
You worshipped Trog.
Trog was pleased with you.
You were hungry.

You visited 1 branch of the dungeon, and saw 4 of its levels.

You collected 205 gold pieces.

Inventory:

Hand Weapons
 q - a +0 club
Armour
 a - a +0 animal skin (worn)
 i - a cursed +0 robe
Jewellery
 g - an uncursed amulet of regeneration {unknown}
 m - an uncursed ring of protection from cold {unknown}
Wands
 w - a wand of clouds (4)
Scrolls
 c - 6 scrolls of identify {unknown}
 h - 5 scrolls of remove curse {unknown}
 k - a scroll of teleportation {unknown}
 n - a scroll of enchant weapon {unknown}
 o - a scroll of random uselessness {unknown}
 s - a scroll of magic mapping {unknown}
 t - a scroll of immolation {unknown}
 v - a scroll of amnesia {unknown}
Potions
 d - a potion of heal wounds {unknown}
 e - a potion of haste
 f - a potion of flight {unknown}
 j - a potion of invisibility {unknown}
 l - 2 potions of lignification {unknown}
 p - a potion of curing
 r - a potion of might {unknown}
 u - 4 potions of cancellation {unknown}
Comestibles
 b - 4 rations


   Skills:
 + Level 2.8 Fighting
 * Level 6.7 Dodging
 - Level 0.9 Stealth
 + Level 4.0 Unarmed Combat


You had 4 spell levels left.
You didn't know any spells.

Dungeon Overview and Level Annotations

Branches:
Dungeon (4/15)
 Temple: D:4-7

Altars:
Fedhas
Trog
Xom
The Shining One


Innate Abilities, Weirdness & Mutations

You are very small and have problems with some larger weapons.
You are too small for most types of armour.
You have supernaturally acute eyesight. (SInv)
You are a herbivore.
You cover ground extremely quickly.
You need consume almost no food.


Message History

The scorpion stings you!
You barely miss the scorpion.
The scorpion is heavily wounded.
The scorpion misses you.
You closely miss the scorpion.
The scorpion is heavily wounded.
The scorpion stings you!
You are lethally poisoned!
The scorpion poisons you!
You hit the scorpion.
The scorpion is severely wounded.
You feel sick. The scorpion stings you!
* * * LOW HITPOINT WARNING * * *
You are more poisoned.
The scorpion poisons you!
You barely miss the scorpion.
The scorpion is severely wounded.
* * * LOW HITPOINT WARNING * * *
You feel sick. The scorpion misses you.
You die...

...### #.....>.# #....##
####### #####........
###...###.....#
##............ ##.......####
#..8.......... ##....###
#............. ##...####
#..8.......... #.......####
#.............
#..........#####.............
##..........@..............#.
#.........s.8.8...........8.8
#...........#####............
# ##....#.....<#
########..8.8 .#
#.....###....# ####..
..##....## ###### #..
...#....# ##.. .......## #...
....s..# #...


You could see a scorpion.

Vanquished Creatures
  Ijyb (D:2)
  9 adders
  A worm (D:2)
  4 dart slugs
  3 leopard geckos
  10 orcs
  5 giant cockroaches
  9 goblins
  8 hobgoblins
  7 jackals
  5 kobolds
  2 quokkas
  A ball python (D:2)
  4 bats
  3 frilled lizards
  9 rats
81 creatures vanquished.

Vanquished Creatures (others)
  A ball python (D:3)
  A bat (D:3)
2 creatures vanquished.

Grand Total: 83 creatures vanquished

Notes
Turn   | Place    | Note
-------+----------+-------------------------------------------
     0 | D:1      | Htamos the Spriggan Berserker began the quest for the Orb.
     0 | D:1      | Reached XP level 1. HP: 11/11 MP: 2/2
   201 | D:1      | Reached XP level 2. HP: 16/16 MP: 3/3
   756 | D:2      | Found a blossoming altar of Fedhas.
  1306 | D:2      | Reached skill level 5 in Dodging
  1328 | D:2      | Reached XP level 3. HP: 19/19 MP: 4/4
  1371 | D:2      | Found a bloodstained altar of Trog.
  1373 | D:2      | Reached ** piety under Trog
  1407 | D:2      | Found a glowing golden altar of the Shining One.
  1427 | D:2      | Found a shimmering altar of Xom.
  1795 | D:2      | Reached XP level 4. HP: 11/23 MP: 5/5
  2562 | D:3      | Noticed Ijyb
  3489 | D:2      | Reached skill level 6 in Dodging
  3751 | D:2      | Killed Ijyb
  3751 | D:2      | Reached XP level 5. HP: 7/28 MP: 6/6
  5423 | D:4      | HP: 1/28 [poisoned by a scorpion]
  5424 | D:4      | Succumbed to a scorpion's poison

Skill      XL: |  1  2  3  4  5 |
---------------+----------------+-----
Dodging        | 5 6 |  6.7
Unarmed Combat | 3 4 |  4.0
Fighting       | |  2.8
Stealth        | |  0.9

Action                   |  1- 3 |  4- 6 || total
-------------------------+-------+-------++-------
Melee: Unarmed           |   158 |   265 ||   423
       Punch             |     4 |     3 ||     7
Invok: Burn Spellbooks   |     1 |       ||     1
  Use: Potion            |       |     3 ||     3
 Stab: Sleeping          |     4 |       ||     4
  Eat: Ration            |       |     1 ||     1
Armor: Animal skin       |    11 |    12 ||    23
Dodge: Dodged            |   119 |   258 ||   377
